 Dungeon Crawl Stone Soup version 0.19.5 (webtiles) character file.

222 NullDivider the Sneak (level 5, 0/25 HPs)
             Began as a Felid Monk on Apr 14, 2017.
             Slain by an ice beast (6 damage)
             ... on level 7 of the Dungeon.
             The game lasted 00:27:22 (3750 turns).

NullDivider the Sneak (Felid Monk)                  Turns: 3750, Time: 00:27:23

Health: 0/25       AC:  5    Str:  7    XL:     5   Next: 66%
Magic:  6/6        EV: 21    Int: 12    God:
Gold:   115        SH:  0    Dex: 19    Spells: 0 memorised, 4 levels left
                                        Lives:  0   Deaths: 1

rFire  . . .     SeeInvis +       - Unarmed
rCold  + . .     Gourm    .     (armour unavailable)
rNeg   . . .     Faith    .     (shield unavailable)
rPois  .         Spirit   .     (helmet unavailable)
rElec  .         Reflect  .     (cloak unavailable)
rCorr  .         Harm     .     (gloves unavailable)
MR     .....                    (boots unavailable)
Stlth  ++++......               h - amulet of regeneration
                                p - +4 ring of protection
                                b - ring of protection from cold

@: quick
A: no armour, no weapons or thrown items, stealth, claws 1, fangs 3, see
invisible, carnivore 3, speed 1, shaggy fur 1, slow metabolism 1, sharp paws
a: no special abilities


You were on level 7 of the Dungeon.
You were not hungry.

You visited 1 branch of the dungeon, and saw 5 of its levels.

You collected 115 gold pieces.

Inventory:

Jewellery
 b - a ring of protection from cold (left paw)
 h - an amulet of regeneration (around neck)
 p - a +4 ring of protection (right paw)
Wands
 o - a wand of random effects (24/48)
Scrolls
 a - a scroll of blinking {unknown}
 c - 2 scrolls of identify
 g - a scroll of remove curse
 q - a scroll of amnesia {unknown}
Potions
 d - a potion of curing {unknown}
 e - 2 potions of cure mutation {unknown}
 i - a potion of ambrosia {unknown}
 j - a potion of might {unknown}
 k - a potion of magic {unknown}
 l - 2 potions of flight {unknown}
 m - a potion of berserk rage {unknown}
 n - a potion of degeneration {unknown}
Comestibles
 f - a beef jerky


   Skills:
 + Level 4.2 Fighting
 + Level 5.2 Dodging
 * Level 6.2 Stealth
 + Level 4.0 Unarmed Combat


You had 4 spell levels left.
You didn't know any spells.

Dungeon Overview and Level Annotations

Branches:
Dungeon (4/15)
 Temple: D:4-7

Altars:
Ashenzari
Fedhas
Makhleb
Uskayaw
Vehumet


Innate Abilities, Weirdness & Mutations

You cannot wear armour.
You are incapable of wielding weapons or throwing items.
Your paws allow you to move quietly. (Stealth)
You have sharp claws.
You have razor-sharp teeth.
You have supernaturally acute eyesight. (SInv)
You are carnivorous and can eat meat at any time.
You cover ground quickly.
You are covered in fur. (AC +1)
You have a slow metabolism.
Your sharp claws are effective at attacking unaware monsters.


Message History

You barely miss the ice beast.
The ice beast is lightly wounded.
The ice beast completely misses you.
You scratch the ice beast.
The ice beast is moderately wounded.
The ice beast hits you. The ice beast freezes you. You resist.
You scratch the ice beast but do no damage.
The ice beast is moderately wounded.
The ice beast completely misses you.
You barely miss the ice beast.
You bite the ice beast, but do no damage.
The ice beast is moderately wounded.
The ice beast hits you. The ice beast freezes you! You resist.
* * * LOW HITPOINT WARNING * * *
You scratch the ice beast.
The ice beast is moderately wounded.
The ice beast hits you.
* * * LOW HITPOINT WARNING * * *
The ice beast freezes you. You resist.
You die...

...... .#zz # ..... .#z#
#> .(.. .#.# #. ... ..z
#.## .. c. #...##. .#
#...# ####.##### #@#
#....#...### #Y#
##.####.....♣♣ #o###).#
##......♣
###.....####........
##.#.....#####..♣......
.....##.#####..♣♣......
..#.....................
.....###..#............
..... ...............###


You could see an ice beast and an orc.

Vanquished Creatures
  A water moccasin skeleton (D:7)
  A crimson imp (D:4)
  Crazy Yiuf (D:3)
  Ijyb (D:3)
  A killer bee zombie (D:4)
  A hound skeleton (D:3)
  3 adders
  An ooze (D:1)
  An adder zombie (D:7)
  A worm (D:2)
  4 dart slugs
  A leopard gecko (D:1)
  3 orcs
  9 giant cockroaches
  10 goblins
  6 hobgoblins
  17 jackals
  7 kobolds
  A quokka (D:1)
  A ball python (D:2)
  5 bats
  4 frilled lizards
  11 rats
  A fungus (D:3)
92 creatures vanquished.

Notes
Turn   | Place    | Note
-------+----------+-------------------------------------------
     0 | D:1      | NullDivider the Felid Monk began the quest for the Orb.
     0 | D:1      | Reached XP level 1. HP: 10/10 MP: 2/2
     1 | D:1      | Found a runed door.
    56 | D:1      | Reached skill level 3 in Stealth
    62 | D:1      | Reached XP level 2. HP: 6/14 MP: 3/3
  1131 | D:1      | Reached XP level 3. HP: 17/17 MP: 4/4
  1302 | D:1      | Reached skill level 4 in Stealth
  1730 | D:2      | Reached XP level 4. HP: 21/21 MP: 5/5
  2590 | D:3      | Found a shattered altar of Ashenzari.
  2609 | D:3      | Found a hide-covered altar of Uskayaw.
  2669 | D:3      | Reached skill level 5 in Stealth
  2712 | D:3      | Found a blossoming altar of Fedhas.
  2933 | D:3      | Noticed Ijyb
  2934 | D:3      | Reached XP level 5. HP: 25/25 MP: 6/6
  2965 | D:3      | Killed Ijyb
  3217 | D:3      | Found a runed door.
  3221 | D:3      | Noticed Crazy Yiuf
  3227 | D:3      | Slain by Crazy Yiuf
  3228 | D:3      | Reached XP level 4. HP: -2/22 MP: 4/5
  3277 | D:3      | Killed Crazy Yiuf
  3426 | D:4      | Reached skill level 5 in Dodging
  3431 | D:4      | Found a burning altar of Makhleb.
  3431 | D:4      | Found a radiant altar of Vehumet.
  3442 | D:4      | Reached skill level 6 in Stealth
  3442 | D:4      | Reached XP level 5. HP: 22/25 MP: 6/6
  3471 | D:4      | You fall through a shaft for 3 floors!
  3471 | D:7      | Noticed a hippogriff
  3729 | D:7      | Noticed a centaur
  3736 | D:7      | Noticed an ice beast
  3750 | D:7      | Slain by an ice beast

Skill      XL: |  1  2  3  4  5 |
---------------+----------------+-----
Stealth        | 3 4 6 |  6.2
Fighting       | 4 |  4.2
Dodging        | 5 |  5.2
Unarmed Combat | 4 |  4.0

Action                   |  1- 3 |  4- 6 || total
-------------------------+-------+-------++-------
Melee: Unarmed           |   141 |   219 ||   360
       Bite              |    13 |    21 ||    34
       Punch             |       |     3 ||     3
  Use: Scroll            |       |     2 ||     2
 Stab: Sleeping          |     7 |     5 ||    12
       Distracted        |     1 |     1 ||     2
  Eat: Chunk             |     1 |     7 ||     8
       Meat ration       |       |     1 ||     1
Armor: Skin              |     4 |    14 ||    18
Dodge: Dodged            |   121 |   157 ||   278
